 Dungeon Crawl Stone Soup version 0.31.0-9-g3a7656b989 (webtiles) character file.

Game seed: 4895929108614897671

59 qw the Shooter (level 3, 0/20 HPs)
             Began as a Deep Elf Hunter on Feb 2, 2024.
             Slain by a goblin
             ... wielding a +0 dagger
             ... led by Robin
              (3 damage)
             ... on level 2 of the Dungeon.
             The game lasted 00:00:03 (988 turns).

qw the Shooter (Deep Elf Hunter)                     Turns: 988, Time: 00:00:03

Health: 0/20       AC:  3    Str: 10    XL:     3   Next: 78%
Magic:  5/5        EV: 12    Int: 13    God:
Gold:   14         SH:  0    Dex: 18    Spells: 2/2 levels left

rFire   . . .        a - +1 shortbow
rCold   . . .        (shield currently unavailable)
rNeg    . . .        c - +0 leather armour
rPois   .            (no helmet)
rElec   .            (no cloak)
rCorr   .            (no gloves)
SInv    .            (no boots)
Will    .....        (no amulet)
Stlth   ++           (no ring)
HPRegen 0.23/turn    (no ring)
MPRegen 0.09/turn

%: no passive effects
@: no status effects
A: no striking features
a: no special abilities


You were on level 2 of the Dungeon.
You visited 1 branch of the dungeon, and saw 2 of its levels.

You collected 14 gold pieces.


   Skills:
 - Level 1.5 Fighting
 + Level 7.3 Ranged Weapons
 - Level 2.4 Dodging
 - Level 1.2 Stealth


You had 2 spell levels left.
You didn't know any spells.
Your spell library was empty.

Inventory:

Hand Weapons
 a - a +1 shortbow (weapon)
Armour
 b - a +0 helmet
 c - a +0 leather armour (worn)
Potions
 g - a potion of curing {unknown}
 h - a potion of cancellation {unknown}

Dungeon Overview and Level Annotations

Branches:
Dungeon (2/15)

Altars:

Annotations:
D:2 Robin


Message History

You kill the goblin!
Robin of the Strong Arm comes into view.
They are wielding a +0 dagger.
A goblin comes into view. It is wielding a +0 club.
A goblin comes into view. It is wielding a +0 dagger.
You shoot an arrow. The arrow hits the goblin.
The goblin is heavily wounded.
The goblin closely misses you.
You shoot an arrow. The arrow closely misses the goblin.
A goblin comes into view. It is wielding a +0 club.
Robin roars a battlecry!
The goblins go into a battle-frenzy!
The goblin barely misses you.
You shoot an arrow. The arrow misses the goblin.
A goblin comes into view. It is wielding a +0 club.
Robin throws the goblin at you! The goblin misses you.
The goblin hits you but does no damage.
You shoot an arrow. The arrow hits the goblin.
You kill the goblin!
The goblin closely misses you.
You shoot an arrow. The arrow barely misses Robin.
Robin misses you. The goblin hits you with a +0 dagger.
You shoot an arrow. The arrow barely misses Robin.
Robin closely misses you. The goblin hits you with a +0 dagger.
You shoot an arrow. The arrow hits Robin.
Robin is lightly wounded.
Robin hits you with a +0 dagger. The goblin closely misses you.
You shoot an arrow. The arrow hits Robin.
Robin is heavily wounded.
Robin roars a battlecry!
The goblin goes into a battle-frenzy!
The goblin hits you with a +0 dagger.
You shoot an arrow.
The arrow hits Robin but does no damage.
Robin is heavily wounded.
The goblin barely misses you. The goblin hits you with a +0 club.
The goblin hits you but does no damage. Robin hits you but does no damage.
You shoot an arrow. The arrow completely misses Robin.
A giant cockroach comes into view.
The goblin barely misses you. The goblin hits you with a +0 dagger.
You die...

####............#
#...#.#.#.#..###
##.#..........#.#
...#.....#....#.#
##....))........#
##.#.#..###.###### ###
##.#....##.......# ....
##.#...###..####g# ....#
##..........# #@#......
.........##.# #ggg%....
.....###.##.#######[....
.....#....#...# ....
.....#....###.# .#B
.....#....# #.# #
..........###.#
..............#
......##..######


You could see Robin, a giant cockroach (wandering) and 3 goblins.

Vanquished Creatures
  An adder (D:2)
  A dart slug (D:1)
  A ribbon worm (D:2)
  5 ball pythons
  6 bats
  4 endoplasms (D:1)
  4 giant cockroaches (D:1)
  5 goblins
  2 hobgoblins (D:2)
  2 jackals (D:1)
  2 quokkas
  3 frilled lizards (D:1)
  4 kobolds
  4 rats
44 creatures vanquished.

Notes
Turn   | Place    | Note
-------+----------+-------------------------------------------
     0 | D:1      | qw the Deep Elf Hunter began the quest for the Orb.
     0 | D:1      | Reached XP level 1. HP: 12/12 MP: 3/3
     0 | D:1      | 0 ||| qw: Version: 0.3-a-155-g5e7d8dd
     0 | D:1      | 0 ||| qw: Game counter: 561
     0 | D:1      | 0 ||| qw: Melee chars always use a shield: true
     0 | D:1      | 0 ||| qw: God list: Okawaru
     0 | D:1      | 0 ||| qw: Allow faded altars: false
     0 | D:1      | 0 ||| qw: Do Orc after clearing Dungeon:15 true
     0 | D:1      | 0 ||| qw: Do second Lair branch before Depths: true
     0 | D:1      | 0 ||| qw: Lair rune preference: random
     0 | D:1      | 0 ||| qw: Goals: Normal
     0 | D:1      | 0 ||| PLANNING D:1-11
    86 | D:1      | Reached XP level 2. HP: 16/16 MP: 4/4
    93 | D:1      | Reached skill level 6 in Ranged Weapons
   326 | D:1      | Reached XP level 3. HP: 20/20 MP: 5/5
   713 | D:1      | 713 ||| READING scroll labelled ECU TIBIM ROVO.
   713 | D:1      | 713 ||| ENCHANTING +0 shortbow.
   714 | D:1      | 714 ||| READING scroll labelled PUZIBL QAMUUM.
   719 | D:1      | 719 ||| DRINKING 2 murky emerald potions.
   739 | D:1      | 739 ||| DROPPING scroll of butterflies.
   740 | D:1      | 740 ||| DROPPING potion of lignification.
   773 | D:2      | Reached skill level 7 in Ranged Weapons
   976 | D:2      | 976 ||| FLEEEEING.
   978 | D:2      | Noticed Robin
   987 | D:2      | HP: 2/20 [goblin/+0 club[Robin] (6)]
   988 | D:2      | Slain by a goblin

Levels and vault maps discovered:
D:1:      scummos_arrival_forest, layout_basic
D:2:      layout_basic, minmay_crystal_room, uniq_robin

Skill      XL: |  1  2  3 |
---------------+----------+-----
Ranged Weapons | 6 7 |  7.3
Fighting       | |  1.5
Dodging        | |  2.4
Stealth        | |  1.2

Action                     || total
---------------------------++-------
   Fire: Shortbow          ||   103
    Use: Scroll            ||     2
         Potion            ||     1
 Armour: Leather armour    ||    19
  Dodge: Dodged            ||    29

Table legend:
 A = Non-vault XP
 B = Vault XP
 C = Vault XP percentage of total XP
 D = Non-vault monster count
 E = Vault monster count
 F = Vault count percentage of total count
                 A         B        C        D         E       F
            +---------+---------+-------+---------+---------+-------
      Total |      73 |      12 |  14.1 |      38 |       6 |  13.6
            +---------+---------+-------+---------+---------+-------
        D:1 |      48 |       0 |   0.0 |      30 |       0 |   0.0
        D:2 |      25 |      12 |  32.4 |       8 |       6 |  42.9
            +---------+---------+-------+---------+---------+-------
